 Dungeon Crawl Stone Soup version 0.14-a0-2091-gca92d1a (webtiles) character file.

19417 RedPan the Conjurer (level 12, -17/66 HPs)
             Began as a Deep Elf Wizard on Jan 25, 2014.
             Was an Elder of Vehumet.
             Engulfed by a cloud of freezing vapour (20 damage)
             ... in an ice cave on Jan 26, 2014.
             The game lasted 01:38:08 (20846 turns).

RedPan the Conjurer (Deep Elf Wizard)              Turns: 20846, Time: 01:38:08

HP -17/66        AC  8     Str  8      XL: 12   Next: 33%
MP  17/31        EV 17     Int 29      God: Vehumet [****..]
Gold 366         SH  0     Dex 13      Spells:  7 memorised,  7 levels left

rFire  . . .     SeeInvis .     x - +3 quarterstaff (chaos)
rCold  . . .     Clarity  .     a - +1 elf robe
rNeg   + . .     Conserve .     (no shield)
rPois  .         rCorr    .     b - +0 elf hat
rElec  .         rRot     .     C - +1 cloak
SustAb . .       Spirit   .     A - +0 pair of gloves
rMut   .         Warding  +     y - +1 pair of boots
Saprov . . .     Stasis   .     c - amulet of warding
MR     ++...                    i - ring of protection from magic
                                v - +4 ring of intelligence

@: very resistant to hostile enchantments, fairly stealthy
A: no striking features
a: Renounce Religion


You were in an ice cave.
You worshipped Vehumet.
Vehumet was greatly pleased with you.
You were hungry.

You visited 3 branches of the dungeon, and saw 15 of its levels.
You also visited: Ice Cave.

You collected 545 gold pieces.
You spent 179 gold pieces at shops.

Inventory:

Hand weapons
 x - a +3,+3 quarterstaff of chaos (weapon)
Armour
 a - a +1 elven robe (worn)
 b - a +0 elven hat (worn)
 y - a +1 pair of boots (worn)
 A - a +0 pair of gloves (worn)
 C - a +1 cloak (worn)
Magical devices
 k - a wand of flame (9)
 s - a wand of fireball (1)
 D - a wand of hasting (3)
 E - a wand of teleportation (2)
 H - a wand of fireball (3)
 N - a wand of draining (4)
Comestibles
 d - 3 bread rations
 B - 6 grapes
Scrolls
 e - a scroll of amnesia {unknown}
 f - 3 scrolls of teleportation
 g - 2 scrolls of identify
 j - 4 scrolls of remove curse
 p - a scroll of vulnerability {unknown}
 q - a scroll of enchant weapon II {unknown}
 u - a scroll of curse weapon {unknown}
 w - 2 scrolls of random uselessness {unknown}
 K - a scroll of enchant armour
 L - a scroll of torment {unknown}
 R - a scroll of magic mapping {unknown}
 S - 2 scrolls of immolation {unknown}
Jewellery
 c - an amulet of warding (around neck)
 i - a ring of protection from magic (right hand)
 n - an uncursed ring of sustenance
 v - a +4 ring of intelligence (left hand)
 G - an uncursed ring of sustain abilities
Potions
 o - a potion of porridge
 r - 4 potions of curing
 t - a potion of agility
 z - a potion of restore abilities {unknown}
 F - 2 potions of brilliance


   Skills:
 + Level 4.0 Fighting
 - Level 10.0 Dodging
 - Level 2.4 Stealth
 - Level 8.0 Spellcasting
 * Level 13.3 Conjurations
   Level 1.1 Summonings
 - Level 1.1 Translocations
 * Level 13.0 Fire Magic


You had 7 spell levels left.
You knew the following spells:

 Your Spells              Type           Power        Failure   Level  Hunger
a - Magic Dart            Conj           ####         1%          1    None
b - Blink                 Tloc           N/A          4%          2    None
c - Mephitic Cloud        Conj/Pois/Air  #####...     1%          3    None
d - Conjure Flame         Conj/Fire      ######..     1%          3    None
e - Iskenderun's Mystic   Conj           ######..     1%          4    #......
f - Repel Missiles        Chrm/Air       ##........   10%         2    None
g - Fireball              Conj/Fire      ######....   1%          5    ###....


Dungeon Overview and Level Annotations

Branches:
Dungeon (10/16)            Temple (1/1) D:5             Orc (0/4) D:9
   Lair (4/8) D:10         Shoals (0/5) Lair:3
  Swamp: Lair:3-6     Snake: Lair:3-6    Spider: Lair:3-6

Altars:
Ashenzari
Cheibriados
Dithmengos
Elyvilon
Fedhas
Kikubaaqudgha
Makhleb
Nemelex Xobeh
Okawaru
Sif Muna
Trog
Vehumet
Xom
Yredelemnul
Zin
The Shining One

Shops:
D:5 *   D:7 /   D:8 !

Annotations:
D:4 Pikel


Message History

You hear a sizzling sound!
You are engulfed in freezing vapours.
* * * LOW HITPOINT WARNING * * *
Drink which item? (? for menu, Esc to quit)
Okay, then.
Casting: Fireball
Confirm with . or Enter, or press ? or * to list all spells.
Aiming: Fireball
Press: ? - help, Shift-Dir - straight line, f/p - ice statue
Aim: an ice statue (severely damaged)
The fireball explodes!
The fireball engulfs the ice beast.
The ice beast melts!
You kill the ice beast!
You hear a sizzling sound!
The fireball engulfs the ice statue.
The ice statue melts!
You destroy the ice statue!
You feel your power returning.
Your Fire Magic skill increases to level 13!
You hear a sizzling sound!
You are engulfed in freezing vapours.
You die...

##...### #......##
. #..##...## #.
#...##...### .###
##..####...####...
#####..####...##...
#.##%#%.###..##§..#
.#..#....##..# #..#
#.#.##..##..####@§#
.#.##..##....#.§§##
####..####.#..§.##
##.## ########
##..# #...## ##...#
#...## #...#


There were no monsters in sight!

Vanquished Creatures
  2 hydras
  An ice statue (IceCv)
  3 spiny frogs
  2 komodo dragons (Lair:2)
  A queen bee (D:8)
  2 polar bears (IceCv)
  A wandering mushroom (Lair:3)
  8 blink frogs
  5 formicids (Lair:2)
  A wyvern (D:9)
  9 sharks (Lair:3)
  13 yaks
  Eustachio (D:4)
  7 wolves
  2 hungry ghosts
  A manticore (D:9)
  Menkaure (D:4)
  5 hippogriffs
  A black bear (D:9)
  5 ice beasts
  An orc warrior (D:10)
  4 slaves (D:4)
  3 giant goldfish (Lair:3)
  4 porcupines
  2 phantoms (D:9)
  7 ogres
  9 crocodiles
  2 centaurs
  Sigmund (D:2)
  8 water moccasins
  5 giant slugs
  Blork the orc (D:7)
  5 giant frogs
  2 agate snails
  22 killer bees
  A jellyfish (Lair:3)
  4 wights (D:7)
  A troll skeleton (D:7)
  A vampire bat (D:2)
  3 crimson imps
  A quasit (D:5)
  A goliath beetle (D:7)
  9 hounds
  2 orc priests
  Crazy Yiuf (D:4)
  7 iguanas
  5 jellies
  A big fish (Lair:3)
  3 orc wizards
  A scorpion (D:9)
  6 worker ants
  4 sheep (Lair:3)
  An ogre skeleton (D:8)
  A big kobold skeleton (D:9)
  8 gnolls
  13 green rats
  14 adders
  3 giant centipedes (Lair:3)
  2 giant mites
  3 worms (D:5)
  An iguana zombie (D:6)
  2 giant eyeballs
  9 giant geckos
  3 oozes
  31 orcs
  A bat skeleton (D:2)
  2 bat zombies (D:2)
  6 giant cockroaches
  23 goblins
  13 hobgoblins
  37 jackals
  9 quokkas
  16 bats
  2 giant newts
  A giant spore (D:8)
  19 kobolds
  A kobold skeleton (D:7)
  21 rats
  4 ballistomycetes (D:8)
  4 fungi
448 creatures vanquished.

Vanquished Creatures (others)
  2 yaks (IceCv)
  A bush (Lair:3)
  A fungus (Lair:3)
4 creatures vanquished.

Grand Total: 452 creatures vanquished

Notes
Turn   | Place    | Note
--------------------------------------------------------------
     0 | D:1      | RedPan, the Deep Elf Wizard, began the quest for the Orb.
     0 | D:1      | Reached XP level 1. HP: 10/10 MP: 6/6
    23 | D:1      | Reached XP level 2. HP: 15/15 MP: 0/9
   112 | D:1      | Learned a level 2 spell: Blink
   581 | D:2      | Noticed Sigmund
   790 | D:2      | Reached XP level 3. HP: 19/19 MP: 10/12
   795 | D:2      | Learned a level 3 spell: Mephitic Cloud
  1240 | D:2      | Killed Sigmund
  1240 | D:2      | Reached skill level 5 in Conjurations
  1240 | D:2      | Reached XP level 4. HP: 24/24 MP: 1/15
  1380 | D:2      | Found an ancient bone altar of Kikubaaqudgha.
  1381 | D:2      | Noticed a vampire bat
  1388 | D:2      | Killed a vampire bat
  1388 | D:2      | Reached XP level 5. HP: 22/28 MP: 8/18
  2022 | D:3      | Reached skill level 6 in Conjurations
  2694 | D:3      | Reached XP level 6. HP: 32/32 MP: 18/20
  3209 | D:4      | Noticed Pikel
  3506 | D:4      | Reached skill level 7 in Conjurations
  4129 | D:4      | Noticed Eustachio
  4406 | D:4      | Noticed Menkaure
  5041 | D:4      | Reached skill level 8 in Conjurations
  5197 | D:4      | Killed Menkaure
  5197 | D:4      | Reached XP level 7. HP: 29/36 MP: 15/21
  5622 | D:4      | Noticed Crazy Yiuf
  5630 | D:4      | Killed Crazy Yiuf
  5771 | D:4      | Killed Eustachio
  5771 | D:4      | Reached skill level 9 in Conjurations
  5934 | D:5      | Entered Level 5 of the Dungeon
  6424 | D:5      | Found a staircase to the Ecumenical Temple.
  6435 | Temple   | Entered the Ecumenical Temple
  6527 | Temple   | Became a worshipper of Vehumet
  6617 | D:5      | Found Piabot's General Store.
  6621 | D:5      | Bought a potion of heal wounds for 39 gold pieces
  7044 | D:5      | Found a bloodstained altar of Trog.
  7094 | D:4      | Reached skill level 10 in Conjurations
  7099 | D:4      | Learned a level 3 spell: Conjure Flame
  7139 | D:3      | Found a blossoming altar of Fedhas.
  7139 | D:3      | Found a sparkling altar of Nemelex Xobeh.
  7335 | D:6      | Reached XP level 8. HP: 30/41 MP: 14/23
  7411 | D:6      | Reached skill level 1 in Fire Magic
  7927 | D:6      | Reached skill level 5 in Spellcasting
  8797 | D:7      | Acquired Vehumet's first power
  8797 | D:7      | Offered knowledge of Sandblast by Vehumet.
  8797 | D:7      | Reached skill level 5 in Fire Magic
  8890 | D:7      | Found Prizaydung's Magical Wand Shoppe.
  9217 | D:7      | Reached XP level 9. HP: 43/45 MP: 21/27
  9373 | D:7      | Noticed Blork the orc
  9379 | D:7      | Killed Blork the orc
  9379 | D:7      | Reached skill level 5 in Dodging
 10201 | D:8      | Found a glowing silver altar of Zin.
 10633 | D:8      | Offered knowledge of Flame Tongue by Vehumet.
 11230 | D:8      | Learned a level 4 spell: Iskenderun's Mystic Blast
 11401 | D:8      | Reached XP level 10. HP: 50/50 MP: 24/29
 11614 | D:8      | Found Kloxt's Distillery.
 11649 | D:8      | Bought a potion of heal wounds for 42 gold pieces
 11649 | D:8      | Bought a potion of curing for 28 gold pieces
 11649 | D:8      | Bought a potion of curing for 28 gold pieces
 11650 | D:8      | Bought a potion of strong poison for 28 gold pieces
 11650 | D:8      | Bought a potion of confusion for 14 gold pieces
 12197 | D:9      | Paralysed by a giant eyeball for 4 turns
 12205 | D:9      | Offered knowledge of Throw Flame by Vehumet.
 12423 | D:9      | Acquired Vehumet's second power
 12724 | D:9      | Found a staircase to the Orcish Mines.
 12850 | D:9      | Reached skill level 10 in Dodging
 13055 | D:10     | Entered Level 10 of the Dungeon
 13055 | D:10     | Found a staircase to the Lair.
 13157 | Lair:1   | Entered Level 1 of the Lair of Beasts
 13164 | Lair:1   | Reached skill level 10 in Fire Magic
 13396 | Lair:1   | Offered knowledge of Airstrike by Vehumet.
 14825 | Lair:2   | Learned a level 2 spell: Repel Missiles
 14963 | Lair:2   | Reached skill level 11 in Conjurations
 15062 | Lair:2   | Reached XP level 11. HP: 33/54 MP: 6/30
 15452 | Lair:2   | Acquired Vehumet's third power
 15872 | Lair:2   | Offered knowledge of Lee's Rapid Deconstruction by Vehumet.
 16368 | Lair:2   | Reached skill level 1 in Fighting
 16872 | Lair:2   | Noticed a four-headed hydra
 16882 | Lair:2   | Killed a four-headed hydra
 17475 | Lair:3   | Found a staircase to the Shoals.
 17595 | Lair:3   | Reached skill level 12 in Conjurations
 17859 | Lair:3   | Noticed a six-headed hydra
 18203 | Lair:3   | Killed a six-headed hydra
 19118 | Lair:3   | Reached XP level 12. HP: 52/64 MP: 10/31
 19119 | Lair:3   | Offered knowledge of Fireball by Vehumet.
 19259 | Lair:3   | Learned a level 5 spell: Fireball
 19850 | Lair:3   | Reached skill level 13 in Conjurations
 20302 | Lair:4   | Found a frozen archway.
 20321 | IceCv    | Entered an ice cave
 20845 | IceCv    | HP: 3/66 [ice statue] (16)]
 20846 | IceCv    | Engulfed by a cloud of freezing vapour

Action                   |  1- 3 |  4- 6 |  7- 9 | 10-12 || total
-------------------------+-------+-------+-------+-------++-------
Melee: Dagger            |       |    11 |       |       ||    11
       Quarterstaff      |       |       |    16 |    41 ||    57
 Cast: Magic Dart        |    55 |   265 |   583 |   382 ||  1285
       Mephitic Cloud    |     1 |     6 |    16 |    23 ||    46
       Blink             |       |     7 |     1 |     5 ||    13
       Iskenderun's Myst |       |       |       |   220 ||   220
       Fireball          |       |       |       |    26 ||    26
       Repel Missiles    |       |       |       |     1 ||     1
Evoke: Wand              |       |       |    17 |     3 ||    20
  Use: Scroll            |       |     6 |     6 |     9 ||    21
       Potion            |       |     1 |     1 |     8 ||    10
 Stab: Confused          |       |       |     1 |     1 ||     2
